 Dungeon Crawl Stone Soup version 0.26.0-45-g9c1d065592 (webtiles) character file.

Game seed: 807914498458053553

(classic levelgen) 6 thiole the Stinger (level 1, 0/11 HPs)
             Began as an Octopode Venom Mage on Jan 31, 2021.
             Slain by a jackal (3 damage)
             ... on level 1 of the Dungeon.
             The game lasted 00:00:16 (97 turns).

thiole the Stinger (Octopode Venom Mage)              Turns: 97, Time: 00:00:17

Health: 0/11       AC:  1    Str:  7    XL:     1   Next: 90%
Magic:  0/3        EV: 13    Int: 17    God:
Gold:   0          SH:  0    Dex: 12    Spells: 3/4 levels left

rFire    . . .     SeeInvis .   (no weapon)
rCold    . . .     Faith    .   (no shield)
rNeg     . . .     Spirit   .   (helmet restricted)
rPois    .         Reflect  .   (no amulet)
rElec    .         Harm     .   (no ring)
rCorr    .         Rampage  .   (no ring)
Will     .....                  (no ring)
Stlth    +++.......             (no ring)
HPRegen  0.03/turn              (no ring)
MPRegen  0.08/turn              (no ring)
                                (no ring)
                                (no ring)

@: no status effects
A: almost no armour, stealthy swim, amphibious, 8 rings, constrict 8, camouflage
1, gelatinous body 1
a: no special abilities


You were on level 1 of the Dungeon.
You visited 1 branch of the dungeon, and saw 1 of its levels.

Inventory:

Potions
 a - a potion of heal wounds {unknown}
 b - a potion of lignification {unknown}


   Skills:
 - Level 2.0 Dodging
 - Level 2.6 Stealth
 - Level 2.0 Spellcasting
 - Level 1.0 Transmutations
 + Level 4.2 Poison Magic


You had 3 spell levels left.
You knew the following spells:

 Your Spells              Type           Power        Failure   Level
a - Sting                 Tmut/Pois      40%          7%          1

Your spell library contained the following spells:

 Spells                   Type           Power        Failure   Level
 Poisonous Vapours        Pois/Air       16%          12%         2
 Ignite Poison            Fire/Tmut/Pois 7%           28%         3
 Mephitic Cloud           Conj/Pois/Air  6%           32%         3
 Olgreb's Toxic Radiance  Pois           16%          34%         4


Dungeon Overview and Level Annotations

Branches:
Dungeon (1/15)

Altars:


Innate Abilities, Weirdness & Mutations

You cannot wear most types of armour.
You are very stealthy in the water. (Stealth+)
You are amphibious.
You can wear up to eight rings at the same time.
You can use your tentacles to constrict eight enemies at once.
Your skin changes colour to match your surroundings (Stealth+).
Your rubbery body absorbs attacks. (AC +1, EV +1)


Message History

The jackal is heavily wounded.
The jackal barely misses you.
You closely miss the jackal. Your grab misses the jackal.
You squeeze the jackal.
You kill the jackal!
The bat hits you but does no damage.
Your Poison Magic skill increases to level 4!
You tentacle-slap the bat but do no damage.
Your grab misses the bat. The bat hits you but does no damage.
You closely miss the bat. You grab the bat. You constrict the bat.
The bat closely misses you. The bat hits you but does no damage.
You tentacle-slap the bat. You squeeze the bat.
You kill the bat!
The jackal barely misses you.
You barely miss the jackal. Your grab misses the jackal.
Your squeeze misses the jackal. The jackal closely misses you.
Unknown command.
You miss the jackal. Your grab misses the jackal.
The jackal closely misses you. The jackal bites you.
You die...

.........# #...
....(....# #...
.........###...
...............
#####+#.....PP..
###..............♣
#..(............P.
#.#.###...P....P..
#@#.(........P...P
#h#####...........
###h...##.♣...P.....
#.......#..P♣....<..
#.......#.....P.....
#..†.†..#...........
#..>........P♣.P...P
##..##'##.P.♣.♣..P..
#...#.####♣.P.....P


You could see 2 jackals.

Vanquished Creatures
  2 jackals (D:1)
  2 bats (D:1)
  A goblin (D:1)
  A kobold (D:1)
6 creatures vanquished.

Notes
Turn   | Place    | Note
-------+----------+-------------------------------------------
     0 | D:1      | thiole the Octopode Venom Mage began the quest for the Orb.
     0 | D:1      | Reached XP level 1. HP: 11/11 MP: 3/3
    93 | D:1      | Reached skill level 4 in Poison Magic
    97 | D:1      | Slain by a jackal

Illustrated notes

Levels and vault maps discovered:
D:1:      wander_arrival_fairy_ring, layout_basic, serial_rivers,
          chequers_serial_rivers_micro_b, chequers_serial_rivers_micro_c,
          chequers_serial_rivers_micro_b, chequers_serial_rivers_micro_c

Skill      XL: |  1 |
---------------+----+-----
Poison Magic   | 4 |  4.2
Dodging        | |  2.0
Stealth        | |  2.6
Spellcasting   | |  2.0
Transmutations | |  1.0

Action                   || total
-------------------------++-------
Melee: Unarmed           ||    10
       Constrict         ||     3
       Tentacles         ||     2
 Cast: Sting             ||     7
Armor: Skin              ||     5
Dodge: Dodged            ||    14
